 Dungeon Crawl Stone Soup version 0.21.1-1-g345015fe64 (webtiles) character file.

68241 bigperm the Fighter (level 14, -1/133 HPs)
             Began as a Minotaur Berserker on June 17, 2018.
             Was a High Priest of Trog.
             Succumbed to Aizul's bolt of poison
             ... on level 1 of the Elven Halls.
             The game lasted 03:32:00 (22356 turns).

bigperm the Fighter (Minotaur Berserker)           Turns: 22356, Time: 03:32:00

Health: -1/133     AC: 13    Str: 23    XL:     14   Next: 85%
Magic:  13/13      EV: 22    Int:  7    God:    Trog [*****.]
Gold:   606        SH:  6    Dex: 19    Spells: 13/13 levels left

rFire    + . .     SeeInvis .   a - +5 morningstar of Doom {venom, Int+3}
rCold    . . .     Gourm    .   p - +0 buckler
rNeg     + . .     Faith    .   W - +0 ring mail "Qyecha Timai" {-Cast rC+ rN+ Dex+5} (curse)
rPois    .         Spirit   .   (helmet restricted)
rElec    .         Reflect  .   w - +2 cloak
rCorr    +         Harm     .   (no gloves)
MR       +++..     NoCast   +   z - +0 pair of boots
Stlth    ++........             L - amulet of regeneration
HPRegen  1.72/turn              K - ring of resist corrosion
MPRegen  0.13/turn              V - ring of fire

@: lethally poisoned (-1 -> -19), berserk cooldown, starving, regenerating,
slowed, very slow
A: retaliatory headbutt, horns 2
a: Berserk, Trog's Hand, Brothers in Arms, Burn Spellbooks, Renounce Religion


You were on level 1 of the Elven Halls.
You worshipped Trog.
Trog was extremely pleased with you.
You were starving.

You visited 4 branches of the dungeon, and saw 19 of its levels.
You also visited: Ice Cave.

You collected 1667 gold pieces.
You spent 1061 gold pieces at shops.

Inventory:

Hand Weapons
 a - the +5 morningstar of Doom (weapon) {venom, Int+3}
   (You bought it in a shop on level 2 of the Orcish Mines)

   It poisons the flesh of those it strikes.
   It affects your intelligence (+3).
 b - a +3 arbalest of freezing
 i - a +2 whip of flaming
 y - a +3 mace of protection
 B - a +3 quarterstaff of chaos
Missiles
 e - 143 bolts
 g - 6 exploding tomahawks (quivered)
 u - 4 tomahawks of returning
Armour
 p - a +0 buckler (worn)
 w - a +2 cloak (worn)
 z - a +0 pair of boots (worn)
 M - a +3 chain mail
 R - +1 swamp dragon scales
 W - the cursed +0 ring mail "Qyecha Timai" (worn) {-Cast rC+ rN+ Dex+5}
   (You bought it in a shop on level 2 of the Orcish Mines)

   It affects your dexterity (+5).
   It protects you from cold.
   It protects you from negative energy.
   It prevents spellcasting.
   It has a curse placed upon it.
 X - +0 acid dragon scales
Jewellery
 K - a ring of resist corrosion (left hand)
 L - an amulet of regeneration (around neck)
 V - a ring of fire (right hand)
Wands
 C - a wand of digging (39)
 F - a wand of iceblast (8)
 P - a wand of random effects (48)
 Q - a wand of paralysis (7)
 S - a wand of enslavement (21)
 T - a wand of disintegration (7)
Scrolls
 d - 6 scrolls of teleportation
 l - a scroll of noise
 s - a scroll of magic mapping
 t - a scroll of blinking {unknown}
 x - 2 scrolls of remove curse
 D - a scroll of torment {unknown}
 E - a scroll of vulnerability {unknown}
 G - 2 scrolls of identify
 I - 2 scrolls of enchant armour
 U - a scroll of summoning {unknown}
 Y - a scroll of holy word {unknown}
Potions
 f - 2 potions of agility
 h - a potion of flight {unknown}
 j - 4 potions of ambrosia
 k - 3 potions of curing
 n - a potion of experience {unknown}
 o - 3 potions of brilliance
 q - a potion of berserk rage {unknown}
 A - a potion of magic {unknown}
 N - a potion of might {unknown}
 Z - a potion of haste
Books
 H - a book of Maledictions

   Spells                             Type                      Level
   a - Corona                         Hexes                        1
   b - Ensorcelled Hibernation        Hexes/Ice                    2
   c - Confuse                        Hexes                        3
   d - Tukima's Dance                 Hexes                        3
   e - Dazzling Spray                 Conjuration/Hexes            3
   Trog disapproves of the use of such an item.
 J - the Collected Works on Poisoning and Ignition
   (You found it on level 6 of the Dungeon)

   Spells                             Type                      Level
   a - Flame Tongue                   Conjuration/Fire             1
   b - Poisonous Vapours              Poison/Air                   2
   c - Inner Flame                    Hexes/Fire                   3
   d - Bolt of Fire                   Conjuration/Fire             6
   e - Ring of Flames                 Charms/Fire                  7
   Trog disapproves of the use of such an item.
Miscellaneous
 m - a sack of spiders
 O - a lamp of fire (inert)
Comestibles
 c - 15 rations


   Skills:
 + Level 14.8 Fighting
   Level 9.1(10.1) Axes
 * Level 6.8(12.5) Maces & Flails
 - Level 14.0(14.5) Staves
 - Level 14.6 Armour
 + Level 13.3 Dodging
 - Level 2.0 Stealth
 + Level 5.3 Shields


You had 13 spell levels left.
You didn't know any spells.

Dungeon Overview and Level Annotations

Branches:
Dungeon (15/15)            Temple (1/1) D:7            Lair (0/6) D:11
    Orc (2/2) D:12            Elf (1/3) Orc:2        Vaults (0/5) D:13
 Depths (0/5) D:15

Altars:
Ashenzari
Cheibriados
Dithmenos
Elyvilon
Fedhas
Gozag
Hepliaklqana
Kikubaaqudgha
Makhleb
Nemelex Xobeh
Okawaru
Qazlal
Ru
Sif Muna
Trog
Uskayaw
Vehumet
Wu Jian
Xom
Yredelemnul
Zin
The Shining One

Shops:
D:9 }   D:11 [:   D:14 *   Orc:1 ?!:[   Orc:2 [?=*!(}[

Annotations:
Elf:1 Aizul


Innate Abilities, Weirdness & Mutations

You reflexively headbutt those who attack you in melee.
You have a pair of horns on your head.


Message History

You are too berserk!
You feel sick. Aizul casts a spell at you. The bolt of poison hits you!
You are more poisoned.
* * * LOW HITPOINT WARNING * * *
There is an open door here.
You feel a strong urge to attack something.
* * * LOW HITPOINT WARNING * * *
You feel very sick.
Aizul coils herself and waves her upper body at you.
The poison arrow misses you.
You are too berserk!
You are too berserk!
* * * LOW HITPOINT WARNING * * *
You feel very sick.
You feel your anger nearly subside.
You are no longer berserk.
You are exhausted.
You feel yourself slow down.
You die...

#. #.#.#
#.###.#.###.#
#...........#
#...'..#
#..S#.##
##'## .# #.#
S# #.# .# #@#
.# #.# .
##'## #...#
#...#
####...####
#.........#
#........)#
#......<..#


You could see Aizul.

Vanquished Creatures
  Agnes (D:15)
  The ghost of Chudej the Destroyer, a journeyman DECj of Sif Muna (Orc:2)
  The ghost of kajmaj the Thaumaturge, a journeyman DrFE of Yredelemnul (Orc:2)
  A dire elephant (D:15)
  A yaktaur captain (D:15)
  2 hydras
  13 two-headed ogres
  4 centaur warriors
  4 ogre magi
  2 tengu warriors (D:14)
  An orc high priest (Orc:2)
  A fire crab (shapeshifter) (D:14)
  A deep elf knight (D:13)
  2 unseen horrors
  2 deep trolls (Orc:2)
  3 orc knights
  4 deep elf magi
  A wolf spider zombie (D:15)
  Pikel (D:4)
  22 ugly things
  A shining eye (shapeshifter) (D:15)
  A wolf spider (D:15)
  A manticore (D:15)
  3 cyclopes
  A gargoyle (D:13)
  2 yaktaurs (D:15)
  5 kobold demonologists
  A komodo dragon (D:15)
  2 ice devils (Orc:1)
  15 trolls
  2 tengu conjurers
  A queen bee (D:8)
  Grinder (D:4)
  4 slime creatures
  The ghost of Carigen the Bolt Thrower, an amateur HaHu (D:4)
  2 hippogriffs
  Sigmund (D:6)
  A centaur simulacrum (D:15)
  Eustachio (D:4)
  A tarantella (shapeshifter) (D:12)
  2 vampires
  9 yaks
  A wyvern (D:13)
  3 vampire mosquitoes (D:14)
  5 wargs
  5 acid dragons
  2 hell hounds (D:11)
  A porcupine (shapeshifter) (D:8)
  A water moccasin (D:8)
  4 ice beasts
  2 phantoms
  20 orc warriors
  2 sky beasts
  A slave (D:4)
  A wolf (Orc:1)
  A boggart (D:13)
  28 ogres
  12 centaurs
  2 crocodiles
  5 big kobolds (D:13)
  11 bullfrogs
  A wyvern zombie (D:13)
  A water moccasin zombie (D:5)
  4 scorpions
  20 killer bees
  5 wights (D:13)
  2 electric eels (D:10)
  5 howler monkeys
  9 crimson imps
  5 bullfrog zombies
  4 hounds
  A jelly (D:9)
  Crazy Yiuf (D:4)
  A centaur zombie (D:7)
  10 orc priests
  9 centaur skeletons
  2 bullfrog skeletons
  Jessica (D:3)
  5 iguanas
  27 orc wizards
  15 worker ants
  A hound skeleton (D:9)
  2 howler monkey zombies
  A worker ant zombie (D:11)
  3 gnolls (D:2)
  9 adders
  A shadow imp (D:9)
  An ooze (D:4)
  An adder zombie (D:5)
  A worm (D:2)
  2 adder skeletons
  2 dart slugs
  8 leopard geckos
  75 orcs
  8 giant cockroaches
  11 goblins
  A hobgoblin (D:3)
  3 jackals (D:2)
  5 quokkas
  A ball python (D:5)
  8 bats
  A frilled lizard (D:1)
  12 kobolds
  A quokka skeleton (D:7)
  3 rats
  2 butterflies (D:5)
  2 plants
526 creatures vanquished.

Vanquished Creatures (collateral kills)
  The ghost of martinkus the Bludgeoner, a journeyman MiBe of Trog (Orc:2)
  4 two-headed ogres
  An ugly thing (D:13)
  A troll (D:13)
  3 orc warriors
  A sky beast (D:13)
  A phantom (D:13)
  2 centaurs (D:13)
  2 ogres (Orc:2)
  A big kobold (D:13)
  A killer bee (D:8)
  A howler monkey (D:12)
  A crimson imp (D:8)
  An orc wizard (D:13)
  A worker ant (D:13)
  An adder (D:12)
  5 orcs
28 creatures vanquished.

Vanquished Creatures (others)
  A wizard (D:15)
  A cyclops (D:13)
  Robin (D:4)
  An orc (Orc:2)
  5 goblins (D:4)
  A hobgoblin (D:4)
  3 plants (D:13)
13 creatures vanquished.

Grand Total: 567 creatures vanquished

Notes
Turn   | Place    | Note
-------+----------+-------------------------------------------
     0 | D:1      | bigperm the Minotaur Berserker began the quest for the Orb.
     0 | D:1      | Reached XP level 1. HP: 19/19 MP: 0/0
   356 | D:1      | Reached XP level 2. HP: 27/27 MP: 1/1
  1095 | D:2      | Reached XP level 3. HP: 32/33 MP: 2/2
  1100 | D:2      | Reached ** piety under Trog
  1296 | D:2      | Reached XP level 4. HP: 20/41 MP: 3/3
  1665 | D:2      | Reached skill level 5 in Axes
  2181 | D:3      | Noticed Jessica
  2190 | D:3      | Killed Jessica
  2190 | D:3      | Reached skill level 1 in Stealth
  2190 | D:3      | Reached XP level 5. HP: 36/47 MP: 4/4
  2681 | D:3      | Found a snail-covered altar of Cheibriados.
  2768 | D:4      | Noticed Grinder
  2784 | D:4      | Killed Grinder
  2784 | D:4      | Reached skill level 5 in Fighting
  2784 | D:4      | Reached XP level 6. HP: 24/56 MP: 5/5
  2854 | D:4      | Noticed Carigen's ghost (amateur HaHu)
  2859 | D:4      | Noticed Eustachio
  3105 | D:4      | Killed Carigen's ghost
  3105 | D:4      | Reached XP level 7. HP: 47/62 MP: 6/6
  3352 | D:4      | Killed Eustachio
  3669 | D:4      | Noticed Pikel
  3684 | D:4      | Killed Pikel
  3684 | D:4      | Reached skill level 5 in Armour
  3684 | D:4      | Reached skill level 1 in Shields
  3684 | D:4      | Reached XP level 8. HP: 71/71 MP: 7/7
  3699 | D:4      | Killed Robin
  3790 | D:4      | Found a burning altar of Makhleb.
  3790 | D:4      | Found a shadowy altar of Dithmenos.
  3903 | D:4      | Found a runed door.
  3907 | D:4      | Noticed Crazy Yiuf
  3912 | D:4      | Killed Crazy Yiuf
  4099 | D:4      | Found a sparkling altar of Nemelex Xobeh.
  4233 | D:5      | Entered Level 5 of the Dungeon
  4684 | D:5      | Reached *** piety under Trog
  4735 | D:5      | Reached skill level 1 in Staves
  4735 | D:5      | Reached skill level 5 in Dodging
  4803 | D:5      | Found a runed door.
  4812 | D:5      | Found a runed door.
  4828 | D:5      | Reached XP level 9. HP: 79/79 MP: 8/8
  5121 | D:6      | Found a shadowy altar of Dithmenos.
  5417 | D:6      | Identified the Collected Works on Poisoning and Ignition
  5871 | D:6      | Noticed Sigmund
  5878 | D:6      | Killed Sigmund
  5967 | D:7      | Reached skill level 5 in Staves
  6125 | D:7      | Reached **** piety under Trog
  6320 | D:7      | Found a hazy altar of Hepliaklqana.
  6631 | D:7      | Found a staircase to the Ecumenical Temple.
  6647 | D:7      | Reached skill level 5 in Shields
  6737 | D:7      | Found a glowing silver altar of Zin.
  6737 | D:7      | Found a stormy altar of Qazlal.
  6739 | D:7      | Found a white marble altar of Elyvilon.
  6739 | D:7      | Found a sparkling altar of Nemelex Xobeh.
  7121 | D:8      | Got a jewelled chain mail
  7142 | D:8      | Noticed a queen bee
  7145 | D:8      | Reached XP level 10. HP: 88/88 MP: 9/9
  7757 | D:9      | Identified the +0 chain mail "Bitaufoh" {Dex+2} (You found it on level 8 of the Dungeon)
  7929 | D:9      | Found Qutwemae's Gadget Emporium.
  7970 | D:9      | Noticed a two-headed ogre
  7979 | D:9      | Killed a two-headed ogre
  8794 | D:10     | Entered Level 10 of the Dungeon
  9489 | D:10     | Noticed a two-headed ogre
  9505 | D:10     | Killed a two-headed ogre
 11048 | Temple   | Entered the Ecumenical Temple
 11457 | D:9      | Bought a wand of paralysis (10) for 192 gold pieces
 11779 | D:11     | Reached XP level 11. HP: 97/97 MP: 10/10
 11869 | D:11     | Found a staircase to the Lair.
 12119 | D:11     | Noticed a purple ugly thing
 12125 | D:11     | Reached ***** piety under Trog
 12131 | D:11     | Killed a purple ugly thing
 12201 | D:11     | Found Querrerch's Book Shop.
 12278 | D:11     | Noticed a brown ugly thing
 12288 | D:11     | Killed a brown ugly thing
 12288 | D:11     | Reached skill level 10 in Staves
 12524 | D:11     | Found Duedeo's Antique Armour Emporium.
 12774 | D:12     | Reached skill level 10 in Fighting
 14078 | D:12     | Found a staircase to the Orcish Mines.
 14082 | D:12     | Noticed a two-headed ogre
 14088 | D:12     | Received a gift from Trog
 14090 | D:12     | Reached skill level 10 in Armour
 14091 | D:12     | Killed a two-headed ogre
 14485 | D:13     | Noticed a brown ugly thing
 14496 | D:13     | Killed a brown ugly thing
 14502 | D:13     | HP: 2/101 [something (16)]
 15135 | D:13     | Killed an unseen horror
 15135 | D:13     | Reached XP level 12. HP: 74/108 MP: 11/11
 15322 | D:13     | Noticed a two-headed ogre
 15337 | D:13     | Killed a two-headed ogre
 15352 | D:13     | Noticed a two-headed ogre
 15387 | D:13     | Killed a two-headed ogre
 15394 | D:13     | Noticed an ogre mage
 15396 | D:13     | Noticed a centaur warrior
 15398 | D:13     | Killed an ogre mage
 15407 | D:13     | Killed a centaur warrior
 15469 | D:13     | Noticed a centaur warrior
 15488 | D:13     | Killed a centaur warrior
 15501 | D:13     | Reached skill level 10 in Dodging
 16125 | D:13     | Found a gate to the Vaults.
 16420 | D:14     | Noticed a five-headed hydra
 16577 | D:14     | Reached XP level 13. HP: 118/118 MP: 12/12
 17259 | D:14     | Found Yjokesayk's Blood Bar.
 17449 | D:15     | Entered Level 15 of the Dungeon
 18168 | D:15     | Noticed Agnes
 18181 | D:15     | Killed Agnes
 18725 | D:15     | Reached XP level 14. HP: 130/130 MP: 13/13
 19032 | D:15     | Found a staircase to the Depths.
 19516 | D:15     | Found a bloodstained altar of Trog.
 19668 | Orc:1    | Entered Level 1 of the Orcish Mines
 19668 | Orc:1    | Found Ufabb's Distillery.
 19686 | Orc:1    | Bought a potion of heal wounds for 80 gold pieces
 19856 | Orc:1    | Found Jingozen's Magic Scroll Shoppe.
 19875 | Orc:1    | Bought a scroll of identify for 30 gold pieces
 19875 | Orc:1    | Bought a scroll of identify for 30 gold pieces
 19875 | Orc:1    | Bought a scroll of identify for 30 gold pieces
 19875 | Orc:1    | Bought a scroll of identify for 30 gold pieces
 19875 | Orc:1    | Bought a scroll of identify for 30 gold pieces
 19875 | Orc:1    | Bought a scroll of identify for 30 gold pieces
 19918 | Orc:1    | Found a frozen archway.
 19933 | Orc:1    | Received a gift from Trog
 19945 | Orc:1    | HP: 6/132 [ice devil (27)]
 20131 | IceCv    | Entered an ice cave
 20193 | Orc:1    | Found Ruaqiur's Book Boutique.
 20205 | Orc:1    | Found Vuodd's Armour Emporium.
 20279 | Orc:2    | Entered Level 2 of the Orcish Mines
 20280 | Orc:2    | Found Inoen's Weapon Boutique.
 20280 | Orc:2    | Noticed Chudej's ghost (journeyman DECj)
 20442 | Orc:2    | Killed Chudej's ghost
 20442 | Orc:2    | Reached skill level 1 in Maces & Flails
 20603 | Orc:2    | Noticed kajmaj's ghost (journeyman DrFE)
 20701 | Orc:2    | Killed kajmaj's ghost
 20933 | Orc:2    | Bought the +5 morningstar of Doom {venom, Int+3} for 474 gold pieces
 21073 | Orc:2    | Found Usifrahu's Distillery.
 21206 | Orc:2    | Reached skill level 5 in Maces & Flails
 21357 | Orc:2    | Found Zyempor's Jewellery Emporium.
 21360 | Orc:2    | Found Hudwic's Armour Boutique.
 21408 | Orc:2    | Found Niplat's Assorted Antiques.
 21409 | Orc:2    | Found Bizeck's Magic Scroll Shoppe.
 21519 | Orc:2    | Noticed martinkus's ghost (journeyman MiBe)
 21525 | Orc:2    | Killed martinkus's ghost
 21701 | Orc:2    | Found a staircase to the Elven Halls.
 21817 | Orc:2    | Found Hinul's Antique Armour Emporium.
 21830 | Orc:2    | Bought a distressingly furry ring mail for 135 gold pieces
 21830 | Orc:2    | Identified the cursed +0 ring mail "Qyecha Timai" {-Cast rC+ rN+ Dex+5} (You bought it in a shop on level 2 of the Orcish Mines)
 21894 | Orc:2    | Found Dankeipp's Gadget Shoppe.
 22303 | Elf:1    | Entered Level 1 of the Elven Halls
 22328 | Elf:1    | Noticed Aizul
 22353 | Elf:1    | HP: 5/199 [Aizul/bolt of poison (25)]
 22355 | Elf:1    | HP: 1/199 [poisoned by Aizul (bolt of poison)]
 22356 | Elf:1    | Succumbed to Aizul's bolt of poison

Skill      XL: |  1  2  3  4  5  6  7  8  9 10 11 12 13 14 |
---------------+-------------------------------------------+-----
Axes           | 4 5 6 8 9 |  9.1
Fighting       | 4 5 6 7 8 9 10 12 13 14 | 14.8
Stealth        | 1 2 |  2.0
Armour         | 3 4 5 6 7 9 10 11 13 14 | 14.6
Dodging        | 3 4 5 6 7 9 10 12 13 | 13.3
Shields        | 1 2 5 |  5.3
Staves         | 2 6 9 11 13 14 | 14.0
Maces & Flails | 6 |  6.8

Action                   |  1- 3 |  4- 6 |  7- 9 | 10-12 | 13-15 || total
-------------------------+-------+-------+-------+-------+-------++-------
Melee: Hand axe          |    70 |    97 |   153 |       |       ||   320
       Headbutt          |    11 |    22 |    62 |   131 |   179 ||   405
       Quarterstaff      |       |       |   153 |   553 |   324 ||  1030
       Morningstar       |       |       |       |       |   226 ||   226
       Whip              |       |       |       |       |   144 ||   144
 Fire: Shortbow          |       |       |       |    16 |       ||    16
       Arbalest          |       |       |       |       |    34 ||    34
Throw: Javelin           |       |       |       |     4 |     7 ||    11
       Tomahawk          |       |       |       |       |     1 ||     1
Invok: Berserk           |     1 |     2 |     5 |    13 |    17 ||    38
       Trog's Hand       |       |     2 |     1 |     2 |     8 ||    13
       Brothers in Arms  |       |       |     1 |     5 |     5 ||    11
Evoke: Wand              |       |       |     3 |     2 |     3 ||     8
       Lamp of fire      |       |       |       |       |     1 ||     1
  Use: Scroll            |       |     2 |     8 |    18 |     9 ||    37
       Potion            |       |       |       |       |     2 ||     2
 Stab: Sleeping          |     2 |       |       |       |     1 ||     3
       Paralysed         |       |       |     2 |    10 |     3 ||    15
       Confused          |       |       |       |     1 |     1 ||     2
       Distracted        |       |       |       |       |     1 ||     1
       Petrifying        |       |       |       |       |     1 ||     1
  Eat: Chunk             |     1 |     5 |    10 |    21 |    22 ||    59
       Ration            |       |     1 |     3 |     6 |     5 ||    15
Armor: Animal skin       |    16 |       |       |       |       ||    16
       Ring mail         |       |    21 |    80 |    11 |     3 ||   115
       Chain mail        |       |       |       |    49 |    82 ||   131
       Swamp dragon scal |       |       |       |   114 |   158 ||   272
Dodge: Dodged            |    59 |    35 |   186 |   439 |   536 ||  1255
Block: Buckler           |       |     3 |     9 |       |    31 ||    43
